 Dungeon Crawl Stone Soup version 0.30-a0-170-g85af917532 (webtiles) character file.

Game seed: 216870792528922468

47 qw the Chopper (level 3, -2/23 HPs)
             Began as a Gargoyle Fighter on Sept 30, 2022.
             Slain by a gnoll
             ... wielding a +0 flail
              (5 damage)
             ... on level 3 of the Dungeon.
             The game lasted 00:00:28 (1471 turns).

qw the Chopper (Gargoyle Fighter)                   Turns: 1471, Time: 00:00:29

Health: -2/23      AC: 15    Str: 27    XL:     3   Next: 70%
Magic:  3/3        EV:  6    Int:  8    God:
Gold:   196        SH:  4    Dex:  9    Spells: 2/2 levels left

rFire   . . .      SeeInvis .    Y - +2 war axe (freeze)
rCold   . . .      Faith    .    c - +0 buckler
rNeg    + . .      Spirit   .    e - +1 plate armour
rPois   inf        Reflect  .    (no helmet)
rElec   +          Harm     .    (no cloak)
rCorr   .          Rampage  .    (no gloves)
Will    .....                    (no boots)
Stlth   ..........               (no amulet)
HPRegen 0.07/turn                h - +6 ring of strength
MPRegen 0.08/turn                (no ring)

@: no status effects
A: sickness immunity, AC +3, negative energy resistance 1, electricity
resistance, torment resistance 1, petrification resistance
a: no special abilities


You were on level 3 of the Dungeon.
You visited 1 branch of the dungeon, and saw 3 of its levels.

You collected 196 gold pieces.


Innate Abilities, Weirdness & Mutations

You are immune to sickness and miasma.
Your stone body is resilient. (AC +3)
You are immune to poison.
You resist negative energy. (rN+)
You are resistant to electric shocks. (rElec)
You are resistant to unholy torment.
You are immune to petrification.


   Skills:
 - Level 3.2 Fighting
 + Level 3.3 Axes
 - Level 1.0 Throwing
 - Level 3.2 Armour
 - Level 3.2 Shields


You had 2 spell levels left.
You didn't know any spells.
Your spell library was empty.

Inventory:

Hand Weapons
 m - a +0 flail
 Y - a +2 war axe of freezing (weapon)
Missiles
 l - 3 javelins (quivered)
Armour
 c - a +0 buckler (worn)
 e - a +1 plate armour (worn)
Jewellery
 h - a +6 ring of strength (left hand)
Potions
 a - a potion of curing {unknown}
 d - 3 potions of might
 g - a potion of invisibility {unknown}
 k - a potion of brilliance {unknown}

Dungeon Overview and Level Annotations

Branches:
Dungeon (3/15)

Altars:

Shops:
D:2 =


Message History

Press: ? - help, Q - select action Shift-Dir - straight line, f - gnoll You throw a javelin.
The javelin pierces through the gnoll but does no damage.
A gnoll comes into view. It is wielding a +0 flail.
The gnoll shouts!
The gnoll barely misses you.
You hit the gnoll. You freeze the gnoll.
The gnoll is heavily wounded.
The gnoll hits you with a +0 club. The gnoll barely misses you.
You barely miss the gnoll.
The gnoll is heavily wounded.
You block the gnoll's attack. The gnoll hits you but does no damage.
You closely miss the gnoll.
The gnoll is heavily wounded.
The gnoll barely misses you. The gnoll hits you but does no damage.
You slash the gnoll! You freeze the gnoll.
You kill the gnoll!
The gnoll hits you but does no damage.
A rat comes into view.
The gnoll completely misses you.
The rat moves out of view.
You barely miss the gnoll. The gnoll hits you with a +0 whip.
The gnoll hits you from afar with a +0 spear.
You hit the gnoll. You freeze the gnoll.
The gnoll is heavily wounded.
You barely miss the gnoll. The gnoll hits you with a +0 flail.
The gnoll hits you but does no damage. The gnoll closely misses you.
You barely miss the gnoll.
The gnoll is heavily wounded.
You barely miss the gnoll. The gnoll closely misses you.
The gnoll hits you with a +0 flail. The gnoll hits you but does no damage.
You block the gnoll's attack. The gnoll barely misses you.
The gnoll hits you but does no damage.
You slash the gnoll! You freeze the gnoll.
You kill the gnoll!
You closely miss the gnoll.
The gnoll hits you from afar with a +0 spear.
The gnoll hits you with a +0 flail.
You die...

. .. ... ######
.... #....# ....(.
#....########r.....
#....##....@gg.....
#..........).......
#...[##...........#
####.##......#.#..#
#.##......#.# ..
#..#........# .
##.........###
##...%.......
##........##


You could see 2 gnolls and a rat.

Vanquished Creatures
  2 gnolls (D:3)
  An adder (D:2)
  3 ball pythons
  2 endoplasms (D:2)
  2 giant cockroaches (D:2)
  4 hobgoblins
  5 kobolds
  2 bats (D:1)
  3 frilled lizards (D:2)
  4 rats
28 creatures vanquished.

Notes
Turn   | Place    | Note
-------+----------+-------------------------------------------
     0 | D:1      | qw the Gargoyle Fighter began the quest for the Orb.
     0 | D:1      | Reached XP level 1. HP: 14/14 MP: 1/1
     0 | D:1      | 0 ||| qw: Version: 0.2-a-12-gaebbb33
     0 | D:1      | 0 ||| qw: Game counter: 1562
     0 | D:1      | 0 ||| qw: Always use a shield: true
     0 | D:1      | 0 ||| qw: God list: Okawaru
     0 | D:1      | 0 ||| qw: Allow faded altars: false
     0 | D:1      | 0 ||| qw: Do Orc after D:15 true
     0 | D:1      | 0 ||| qw: Do second Lair branch before Depths: true
     0 | D:1      | 0 ||| qw: Lair rune preference: random
     0 | D:1      | 0 ||| qw: Plans: Normal, Zot:1-4, God:TSO, Crypt, Tomb,
                  | Pan, Slime:5, Hells, Abyss, Orb
     0 | D:1      | 0 ||| PLANNING D:1-11
   517 | D:1      | Reached XP level 2. HP: 19/19 MP: 2/2
   719 | D:1      | 719 ||| DROPPING +0 club.
   722 | D:1      | 722 ||| READING scroll labelled YZAXZE JEMO.
   723 | D:1      | 723 ||| READING scroll labelled HEOMON LIKUKINK.
   723 | D:1      | Identified a scroll of acquirement
   723 | D:1      | 723 ||| ACQUIRING +1 war axe of freezing
   723 | D:1      | Acquired a +1 war axe of freezing
   725 | D:1      | 725 ||| SWAPPING to +1 war axe of freezing.
   726 | D:1      | 726 ||| DROPPING +0 war axe.
   727 | D:1      | 727 ||| READING scroll labelled LOPOBBI XAGAA.
   728 | D:1      | 728 ||| READING scroll labelled JAR NAOWOEFF.
   729 | D:1      | 729 ||| READING scroll labelled YFIBRY VEGAHI.
   959 | D:2      | Found Geifacw's Jewellery Shop.
   968 | D:2      | 968 ||| SHOPLISTING +4 ring of evasion (504 gold, have
                  | 121).
   968 | D:2      | 968 ||| SHOPLISTING +6 ring of strength (504 gold, have
                  | 121).
   968 | D:2      | 968 ||| SHOPLISTING amulet of reflection (420 gold, have
                  | 121).
   968 | D:2      | 968 ||| SHOPLISTING amulet of regeneration (420 gold, have
                  | 121).
   968 | D:2      | 968 ||| SHOPLISTING ring "Caisuw" {rF+ Dex+4} (565 gold,
                  | have 121).
   968 | D:2      | 968 ||| SHOPLISTING ring of fire (350 gold, have 121).
   968 | D:2      | 968 ||| SHOPLISTING ring of positive energy (280 gold, have
                  | 121).
  1041 | D:2      | 1041 ||| Stepping ~*~*~tactically~*~*~ (stealth).
  1043 | D:2      | 1043 ||| Stepping ~*~*~tactically~*~*~ (stealth).
  1045 | D:2      | 1045 ||| Stepping ~*~*~tactically~*~*~ (stealth).
  1193 | D:2      | 1193 ||| DROPPING +0 whip.
  1252 | D:2      | Reached skill level 3 in Axes
  1298 | D:2      | Reached skill level 1 in Throwing
  1298 | D:2      | Reached XP level 3. HP: 19/23 MP: 3/3
  1305 | D:2      | 1305 ||| FLEEEEING.
  1377 | D:2      | 1377 ||| Stepping ~*~*~tactically~*~*~ (stealth).
  1390 | D:2      | 1390 ||| UPGRADING to +0 plate armour.
  1400 | D:2      | 1400 ||| DROPPING +0 scale mail.
  1401 | D:2      | 1401 ||| READING scroll of enchant armour.
  1401 | D:2      | 1401 ||| ENCHANTING +0 plate armour.
  1402 | D:2      | 1402 ||| UPGRADING to +6 ring of strength.
  1403 | D:2      | 1403 ||| READING scroll labelled UNKIQUQ VAINGA.
  1404 | D:2      | 1404 ||| READING scroll labelled YHEUTHR UTERR.
  1461 | D:3      | 1461 ||| Stepping ~*~*~tactically~*~*~ (hiding).
  1471 | D:3      | HP: 3/23 [gnoll/+0 spear (4)]
  1471 | D:3      | Slain by a gnoll

Levels and vault maps discovered:
D:1:      dpeg_arrival_rhombi, layout_loops_ring, minivault_5, minivault_26
D:2:      minmay_spotlight, layout_basic, serial_shops, shop_statue,
          minmay_distorted
D:3:      layout_rooms, shapermc_ecumenical_altar_notcrosses

Skill      XL: |  1  2 |
---------------+-------+-----
Axes           | 2 3 |  3.3
Throwing       | 1 |  1.0
Fighting       | |  3.2
Armour         | |  3.2
Shields        | |  3.2

Action                   || total
-------------------------++-------
Melee: War axe           ||    63
Throw: Javelin           ||    30
  Use: Scroll            ||     8
Armor: Scale mail        ||    31
       Plate armour      ||     6
Dodge: Dodged            ||    23
Block: Buckler           ||    10

Table legend:
 A = Non-vault XP
 B = Vault XP
 C = Vault XP percentage of total XP
 D = Non-vault monster count
 E = Vault monster count
 F = Vault count percentage of total count
                 A         B        C        D         E       F
            +---------+---------+-------+---------+---------+-------
      Total |      63 |      19 |  23.2 |      24 |       4 |  14.3
            +---------+---------+-------+---------+---------+-------
        D:1 |      12 |       0 |   0.0 |       7 |       0 |   0.0
        D:2 |      19 |      19 |  50.0 |      13 |       4 |  23.5
        D:3 |      32 |       0 |   0.0 |       4 |       0 |   0.0
            +---------+---------+-------+---------+---------+-------
